 Dungeon Crawl Stone Soup version 0.32-a0-876-gcfddb08e57 (webtiles) character file.

Game seed: 6261128300396932804

26257 oldriver the Warrior (level 13, -1/158 HPs)
             Began as an Oni Shapeshifter on Apr 1, 2024.
             Was a High Priest of Yredelemnul.
             Slain by Rupert
             ... wielding a +1 battleaxe of venom
              (22 damage)
             ... on level 3 of the Lair of Beasts.
             The game lasted 00:24:20 (20246 turns).

oldriver the Warrior (Oni Shapeshifter)            Turns: 20246, Time: 00:24:22

Health: -1/158     AC:  9    Str: 25    XL:     13   Next: 24%
Magic:  14/18      EV: 14    Int: 11    God:    Yredelemnul [*****.]
Gold:   892        SH:  0    Dex:  8    Spells: 12/12 levels left

rFire   . . .        K - +2 mace (heavy)
rCold   . . .        (no shield)
rNeg    . . .        L - +2 acid dragon scales
rPois   +            (helmet currently unavailable)
rElec   .            (cloak currently unavailable)
rCorr   +            (gloves unavailable)
SInv    .            (boots unavailable)
Will    +....        (no amulet)
Stlth   +            u - +5 ring of evasion
HPRegen 0.46/turn    N - ring of poison resistance
MPRegen 0.16/turn

%: no passive effects
@: beast-form, hasted, wreathed by umbra, very quick
A: beast (slay +1), large, unfitting armour, horns 1, tough skin 1, double
potion healing, drunken brawling
a: Begin Untransformation, Renounce Religion, Light the Black Torch, Recall
Undead Harvest, Hurl Torchlight, Bind Soul, Fathomless Shackles


You were on level 3 of the Lair of Beasts.
You worshipped Yredelemnul.
Yredelemnul was noncommittal.
You were a hulking beast.
You visited 2 branches of the dungeon, and saw 14 of its levels.
You also visited: Sewer.

You collected 1028 gold pieces.
You spent 136 gold pieces at shops.

Inventory:

Hand Weapons
 K - a +2 heavy mace (weapon)
Missiles
 m - 154 stones
 o - 27 boomerangs (quivered)
 C - 3 throwing nets
 F - 38 poisoned darts
Armour
 d - the +1 robe "Xuida" {+Blink rC+ Str+5}
   (You found it on level 7 of the Dungeon)

   Str+5:     It affects your strength (+5).
   rC+:       It protects you from cold.
   +Blink:    It lets you blink.
 L - +2 acid dragon scales (worn)
Jewellery
 u - a +5 ring of evasion (left hand)
 y - a +6 ring of strength
 G - a ring of positive energy
 N - a ring of poison resistance (right hand)
Talismans
 c - a beast talisman (active)
Wands
 h - a wand of light (1)
 p - a wand of charming (16)
 w - a wand of flame (32)
 D - a wand of warping (17)
 M - a wand of polymorph (2)
Scrolls
 a - 5 scrolls of identify
 e - 3 scrolls of vulnerability
 j - 11 scrolls of teleportation
 l - 5 scrolls of amnesia
 q - 5 scrolls of revelation
 A - 2 scrolls of fear
 B - a scroll of fog
 E - 2 scrolls of enchant weapon
 H - 3 scrolls of blinking
 I - 3 scrolls of immolation
Potions
 b - a potion of lignification
 f - 2 potions of invisibility
 g - 3 potions of attraction
 k - 7 potions of mutation
 n - 2 potions of resistance
 r - 2 potions of heal wounds
 s - 4 potions of berserk rage
 t - 2 potions of enlightenment
 v - 2 potions of ambrosia
 z - 4 potions of curing
 J - a potion of haste


   Skills:
 + Level 17.7 Fighting
 - Level 14.0 Maces & Flails
 + Level 5.6 Throwing
 - Level 2.0 Armour
 - Level 4.0 Dodging
 - Level 2.6 Unarmed Combat
 + Level 7.9 Invocations
 - Level 0.1 Evocations
 - Level 3.0 Shapeshifting


You had 12 spell levels left.
You didn't know any spells.
Your spell library contained the following spells:

 Spells                   Type           Power      Damage    Failure   Level
 Freeze                   Ice            0%         1d3       41%         1
 Kiss of Death            Conj/Necr      0%         2d5       41%         1
 Magic Dart               Conj           0%         1d3       41%         1
 Cigotuvi's Dreadful Rot  Necr/Alch/Air  0%         N/A       54%         2
 Ensorcelled Hibernation  Hex/Ice        0%         N/A       54%         2
 Searing Ray              Conj           0%         2d4       54%         2
 Confusing Touch          Hex            0%         N/A       78%         3
 Frozen Ramparts          Ice            0%         1d1       78%         3
 Hailstorm                Conj/Ice       0%         3d5       78%         3
 Passwall                 Erth           0%         N/A       78%         3
 Swiftness                Air            0%         N/A       78%         3
 Tukima's Dance           Hex            0%         N/A       78%         3
 Dimensional Bullseye     Hex/Tloc       0%         N/A       99%         4
 Dispel Undead            Necr           0%         3d6       99%         4
 Fulminant Prism          Conj/Alch      0%         3d5       99%         4
 Ignite Poison            Fire/Alch      0%         N/A       99%         4
 Iskenderun's Mystic Bla Conj/Tloc 0%             2d3        (+2d1     99%         4
 Martyr's Knell           Necr/Summ      0%         N/A       99%         4
 Passage of Golubria      Tloc           0%         N/A       99%         4
 Alistair's Intoxication  Alch           0%         N/A       100%        5
 Borgnjor's Vile Clutch   Necr/Erth      0%         N/A       100%        5
 Freezing Cloud           Conj/Ice/Air   0%         6-21      100%        5
 Summon Forest            Summ/Tloc      0%         N/A       100%        5
 Summon Mana Viper        Hex/Summ       0%         N/A       100%        5
 Yara's Violent Unravell  Hex/Alch       0%         3d3       100%        5
 Eringya's Noxious Bog    Alch           0%         4d6       100%        6
 Summon Cactus Giant      Summ           0%         N/A       100%        6


Dungeon Overview and Level Annotations

Branches:
Dungeon (11/15)            Temple (0/1) D:7            Lair (3/5) D:11
    Orc (0/2) D:11          Sewer (visited)
  Swamp: Lair:2-3    Shoals: Lair:2-3     Snake: Lair:2-3    Spider: Lair:2-3

Altars:
Cheibriados
Elyvilon
Qazlal
Trog
Yredelemnul

Shops:
D:4 *   D:5 ?   D:10 (

Annotations:
D:9 1 runed translucent door, dcgchant's ghost, novice GnIE
Lair:3 Rupert


Innate Abilities, Weirdness & Mutations

You are a hulking beast.
Your limbs bulge with bestial killing power. (Slay +1)
You are too large for most types of armour.
You have a pair of small horns on your head.
You have tough skin. (AC +1)
You gain doubled healing and magic from potions.
Whenever you drink a healing potion, you attack all around you.


Message History

You feel sick.
Rupert hits you with a +1 battleaxe of venom!!!
You bludgeon Rupert!!
Rupert is heavily wounded.
You feel sick.
Rupert hits you with a +1 battleaxe of venom!!
You barely miss Rupert. You headbutt Rupert, but do no damage.
Rupert is heavily wounded.
You feel sick. Rupert barely misses you.
Rupert completely misses your cane toad zombie.
Your cane toad zombie barely misses Rupert.
You thump Rupert!
Rupert is severely wounded.
You feel sick.
Rupert hits you with a +1 battleaxe of venom!!
* * * LOW HITPOINT WARNING * * *
Rupert hits your cane toad zombie with a +1 battleaxe of venom.
Unknown command.
You hit Rupert but do no damage.
Rupert is severely wounded.
Rupert closely misses you.
Rupert hits your cane toad zombie with a +1 battleaxe of venom.
Your cane toad zombie hits Rupert but does no damage.
Unknown command.
You bludgeon Rupert!!
Rupert is severely wounded.
You feel sick.
Rupert hits you with a +1 battleaxe of venom!!
* * * LOW HITPOINT WARNING * * *
Rupert hits your cane toad zombie with a +1 battleaxe of venom!!
Your cane toad zombie is destroyed!
Okay, then.
You take a swig of the potion and twirl your +2 heavy mace.
You hit Rupert. You headbutt Rupert!
Rupert is severely wounded.
You savour every drop.
You feel better.
Rupert hits you with a +1 battleaxe of venom!!
You die...
Rupert roars with triumph.
Your body rises from the dead as a mindless zombie.

. .+. ..# ## ...# ##.P
###.##..## ..#
#......... ######.##
#####.^.......
#.......###.............
Z......Z##...#..........
#..........###..........
......[..### #P.h.......
#.......## ##@........
#####..## #.........
#..# #####.+.## #.#...
##...#### .. ###...#
#..#.##.## #.#+
###.##.## #...<....#
###... ##.#.##+P#
#........# ..+...
#........##
#........###.#...


You could see Rupert (berserk, soul-gripped).

Vanquished Creatures
  2 hydras (Lair:2)
  A boulder beetle (D:11)
  A two-headed ogre (D:10)
  An elephant (Lair:1)
  A black mamba (Lair:2)
  Maggie (D:10)
  2 cane toads (Lair:2)
  An unseen horror (D:11)
  A kobold demonologist (D:9)
  A komodo dragon (D:11)
  A rime drake (Lair:2)
  3 trolls
  2 red devils (D:9)
  2 hornets
  A wraith (D:11)
  A shadow (D:9)
  A basilisk (D:11)
  3 wyverns
  20 yaks
  A steam dragon (D:6)
  5 water moccasins
  A swamp drake (D:11)
  13 orc warriors
  A sky beast (D:7)
  An ice beast (D:6)
  A black bear (D:4)
  9 wolves (Lair:2)
  4 ogres
  A centaur (D:9)
  A kobold brigand (D:10)
  2 gnoll sergeants (D:5)
  13 bullfrogs
  A scorpion (D:7)
  6 wights
  10 killer bees
  6 howler monkeys
  4 bombardier beetles
  3 jellies
  9 orc priests
  A sleepcap (D:5)
  A gnoll bouda (D:6)
  5 iguanas
  9 orc wizards
  Robin (D:3)
  16 gnolls
  A river rat (Sewer)
  12 adders
  4 white imps
  3 ufetubi
  A dart slug (D:4)
  55 orcs
  12 ball pythons
  5 endoplasms
  2 giant cockroaches
  13 goblins
  9 hobgoblins
  17 jackals
  16 kobolds
  3 quokkas
  12 bats
  5 frilled lizards
  20 rats
361 creatures vanquished.

Vanquished Creatures (collateral kills)
  3 elephants (Lair:1)
  A cyclops (D:11)
  A black mamba (Lair:2)
  3 cane toads
  A komodo dragon (Lair:1)
  2 rime drakes
  A red devil (D:9)
  A polar bear (Lair:2)
  3 blink frogs (Lair:1)
  Prince Ribbit (D:6)
  Sigmund (D:6)
  A wyvern (Lair:3)
  A basilisk (D:11)
  16 yaks
  Edmund (D:4)
  An acid dragon (D:8)
  4 water moccasins
  2 orc warriors (D:11)
  A swamp drake (D:11)
  A wolf (Lair:2)
  An ogre (D:5)
  A kobold brigand (D:7)
  5 bullfrogs
  A scorpion (D:7)
  2 wights
  3 killer bees
  A bombardier beetle (D:4)
  2 hounds
  An orc wizard (D:4)
  A sleepcap (D:4)
  3 adders
  2 river rats (Sewer)
  2 ufetubi (D:6)
  A ribbon worm (D:4)
  11 orcs
  2 endoplasms
  3 giant cockroaches (D:6)
  2 goblins (D:4)
  A hobgoblin (D:3)
  5 kobolds
  2 quokkas (D:6)
  4 ball pythons
  2 frilled lizards
  A kobold zombie (D:10)
  10 rats (Sewer)
115 creatures vanquished.

Vanquished Creatures (others)
  A hydra zombie (Lair:2)
  A two-headed ogre zombie (D:10)
  A cane toad zombie (Lair:3)
  A spectral red devil (D:9)
  A blink frog zombie (Lair:1)
  A rime drake zombie (Lair:3)
  3 wyvern zombies
  3 water moccasin zombies
  7 yak zombies
  A polar bear zombie (Lair:2)
  A troll zombie (D:11)
  8 wolf zombies (Lair:2)
  3 bullfrog zombies
  A basilisk zombie (D:11)
  An orc wizard (D:11)
  An acid dragon zombie (D:8)
  3 ogre zombies
  A howler monkey zombie (D:10)
  A swamp drake zombie (D:11)
  An iguana zombie (D:5)
  A jelly zombie (D:5)
  2 adder zombies
  A spectral white imp (D:8)
  9 gnoll zombies
  4 ball python zombies (Sewer)
  A bombardier beetle zombie (D:5)
  A frilled lizard zombie (Sewer)
  A goblin zombie (D:4)
  A jackal zombie (D:3)
  4 kobold zombies
  28 orc zombies
  A quokka zombie (D:5)
  4 rat zombies (Sewer)
  2 spectral ufetubi (D:6)
101 creatures vanquished.

Grand Total: 577 creatures vanquished

Notes
Turn   | Place    | Note
-------+----------+-------------------------------------------
     0 | D:1      | oldriver the Oni Shapeshifter began the quest for the Orb.
     0 | D:1      | Reached XP level 1. HP: 19/19 MP: 1/1
    16 | D:1      | Reached skill level 2 in Fighting
    90 | D:1      | Reached XP level 2. HP: 27/29 MP: 2/2
   139 | D:1      | Reached skill level 3 in Fighting
   693 | D:1      | Reached XP level 3. HP: 39/39 MP: 3/3
   800 | D:1      | Reached skill level 4 in Fighting
  1273 | D:2      | Reached skill level 5 in Fighting
  1273 | D:2      | Reached XP level 4. HP: 47/50 MP: 4/4
  1856 | D:3      | Found a faded altar of an unknown god.
  1873 | D:3      | Noticed Robin
  1880 | D:3      | HP: 2/50 [goblin/+0 club[Robin] (1)]
  1881 | D:3      | Killed Robin
  1958 | D:3      | Reached skill level 6 in Fighting
  1964 | D:3      | Prayed at the altar of an unknown god.
  1964 | D:3      | Became a worshipper of Yredelemnul the Fallen
  1964 | D:3      | Reached * piety under Yredelemnul
  2090 | D:3      | Reached XP level 5. HP: 19/59 MP: 5/5
  2562 | D:3      | Reached skill level 7 in Fighting
  2844 | D:3      | Reached ** piety under Yredelemnul
  3131 | D:4      | Reached XP level 6. HP: 35/72 MP: 6/6
  3134 | D:4      | Reached skill level 8 in Fighting
  3279 | D:4      | Noticed a black bear
  3300 | D:4      | Killed a black bear
  3680 | D:4      | Reached skill level 9 in Fighting
  3875 | D:4      | Noticed Edmund
  3890 | D:4      | Killed Edmund
  3891 | D:4      | Reached XP level 7. HP: 51/84 MP: 7/7
  4014 | D:4      | Found Feorun's Lightly-Used Armoury.
  4027 | D:4      | Reached skill level 10 in Fighting
  5123 | D:5      | Entered Level 5 of the Dungeon
  5129 | D:5      | Found Nesh's Magic Scroll Shoppe.
  5133 | D:5      | Bought a scroll of enchant armour for 97 gold pieces
  5133 | D:5      | Bought a scroll of teleportation for 39 gold pieces
  5256 | D:5      | Found a stormy altar of Qazlal.
  5264 | D:5      | Found a bloodstained altar of Trog.
  5281 | D:5      | Reached skill level 11 in Fighting
  5331 | D:5      | Reached XP level 8. HP: 83/97 MP: 8/8
  5511 | D:5      | Reached skill level 12 in Fighting
  5560 | D:6      | Noticed Prince Ribbit
  5564 | D:6      | Noticed Sigmund
  5566 | D:6      | Killed Prince Ribbit
  5567 | D:6      | Reached skill level 13 in Fighting
  5567 | D:6      | Killed Sigmund
  5802 | D:6      | Found a glowing drain.
  5868 | Sewer    | Entered a sewer
  6100 | Sewer    | Reached skill level 14 in Fighting
  6105 | Sewer    | Reached XP level 9. HP: 81/113 MP: 9/9
  6251 | D:6      | Noticed a troll
  6817 | D:6      | Killed a troll
  6818 | D:6      | Reached skill level 15 in Fighting
  7948 | D:5      | Reached skill level 1 in Maces & Flails
  8415 | D:6      | Reached skill level 1 in Throwing
  9942 | D:7      | Reached XP level 10. HP: 120/127 MP: 10/10
 10020 | D:7      | Reached skill level 5 in Maces & Flails
 10352 | D:7      | Identified the +1 robe "Xuida" {+Blink rC+ Str+5}
 10651 | D:7      | Found a staircase to the Ecumenical Temple.
 10872 | D:8      | Reached *** piety under Yredelemnul
 12854 | D:9      | Found a snail-covered altar of Cheibriados.
 12861 | D:9      | Found a white marble altar of Elyvilon.
 13080 | D:9      | Reached XP level 11. HP: 76/135 MP: 11/11
 13185 | D:9      | Reached skill level 10 in Maces & Flails
 13314 | D:9      | Found a runed translucent door.
 13490 | D:9      | Noticed dcgchant's ghost (novice GnIE)
 13583 | D:10     | Entered Level 10 of the Dungeon
 13583 | D:10     | Noticed a two-headed ogre
 13601 | D:10     | Killed a two-headed ogre
 14044 | D:10     | Noticed Maggie
 14131 | D:10     | Killed Maggie
 14579 | D:10     | Found Rysila's Weapon Shoppe.
 14663 | D:10     | Reached **** piety under Yredelemnul
 14955 | D:11     | Noticed a cyclops
 14961 | D:11     | Killed a cyclops
 15110 | D:11     | Noticed a boulder beetle
 15223 | D:11     | Found a staircase to the Lair.
 15665 | D:11     | Killed a boulder beetle
 16167 | D:11     | Reached XP level 12. HP: 111/144 MP: 12/12
 16557 | D:11     | Found a staircase to the Orcish Mines.
 16582 | D:11     | Reached ***** piety under Yredelemnul
 16913 | D:11     | Reached skill level 1 in Armour
 17014 | Lair:1   | Entered Level 1 of the Lair of Beasts
 17051 | Lair:1   | Reached skill level 1 in Invocations
 17270 | Lair:1   | Reached skill level 16 in Fighting
 18609 | Lair:2   | Reached skill level 5 in Invocations
 18666 | Lair:2   | Noticed a four-headed hydra
 18675 | Lair:2   | Killed a four-headed hydra
 18676 | Lair:2   | Reached skill level 17 in Fighting
 19143 | Lair:2   | Reached XP level 13. HP: 153/156 MP: 16/18
 19181 | Lair:2   | Reached skill level 5 in Throwing
 20225 | Lair:3   | Noticed Rupert
 20245 | Lair:3   | HP: 2/158 [Rupert/+1 battleaxe of venom (32)]
 20246 | Lair:3   | Slain by Rupert

Illustrated notes

Levels and vault maps discovered:
D:1:      giann_horns, layout_basic, amethyst_killhole
D:2:      layout_basic
D:3:      minmay_chambers_of_threes, layout_basic,
          nicolae_ecumenical_snake_handling, nrook_uturn, uniq_robin
D:4:      layout_loops_corners, minmay_shop_damaged, uniq_edmund
D:5:      layout_basic, mainiacjoe_overflow_catwalk_spiral, serial_shops,
          nicolae_shop_stone
D:6:      minmay_thinvault, layout_loops_ring, gup_sewer_entry_pipe,
          uniq_sigmund, uniq_prince_ribbit1
D:7:      layout_cave_pools, minmay_temple_entry_glassed_door,
          grunt_decor_resistance, minmay_misc_feat_iff, grunt_ministairs_11
D:8:      layout_loops_ring
D:9:      layout_long_grid, amethyst_overflow_temple_binary,
          ebering_ghost_inner_flame, einodemon_armed_red_devil_minivault
D:10:     layout_stronghold, serial_shops, kennysheep_mini, uniq_maggie
D:11:     layout_roguey [special_room_orc], erik_lair_dragon, erik_orc_1
Lair:1:   layout_cave_shapes
Lair:2:   layout_layer_cave
Lair:3:   layout_roguey, elwin_shoals_entry_stream, spider_nest_entry_webs,
          uniq_rupert

Skill      XL: |  1  2  3  4  5  6  7  8  9 10 11 12 13 |
---------------+----------------------------------------+-----
Fighting       | 2 3 5 6 7 9 11 14 15 17 | 17.7
Maces & Flails | 4 9 13 14 | 14.0
Throwing       | 3 4 5 |  5.6
Dodging        | 4 |  4.0
Armour         | 2 |  2.0
Invocations    | 6 7 |  7.9
Unarmed Combat | |  2.6
Evocations     | |  0.1
Shapeshifting  | |  3.0

Action                     |  1- 3 |  4- 6 |  7- 9 | 10-12 | 13-15 || total
---------------------------+-------+-------+-------+-------+-------++-------
  Melee: Unarmed           |   142 |    11 |       |       |       ||   153
         Headbutt          |    16 |    26 |    81 |   107 |    12 ||   242
         Punch             |     2 |       |       |       |       ||     2
         Dagger            |       |   143 |   276 |       |       ||   419
         Whip              |       |       |    86 |   444 |       ||   530
         Mace              |       |       |       |   121 |    57 ||   178
  Throw: Boomerang         |       |       |       |     5 |     4 ||     9
 Invoke: Light the Black T |       |     2 |     3 |     6 |     1 ||    12
         Bind Soul         |       |       |       |       |     1 ||     1
  Evoke: Wand              |       |     2 |       |       |     3 ||     5
    Use: Potion            |       |     2 |     1 |     2 |     3 ||     8
         Scroll            |       |     3 |     9 |     7 |     3 ||    22
   Stab: Invisible         |       |     1 |       |       |       ||     1
         Distracted        |       |       |     1 |     1 |       ||     2
 Armour: Animal skin       |    90 |   145 |   184 |    18 |       ||   437
         Robe              |       |       |       |   198 |       ||   198
         Skin              |       |       |       |     2 |       ||     2
         Acid dragon scale |       |       |       |   113 |    49 ||   162
  Dodge: Dodged            |    68 |   105 |   329 |   367 |    57 ||   926

Table legend: (Time is in decaauts)
 A = Elapsed time spent in this place.
 B = Non-inter-level travel time spent in this place.
 C = Inter-level travel time spent in this place.
 D = Time resting spent in this place.
 E = Time spent auto-exploring this place.
 F = Levels seen in this place.
 G = Mean time per level.
                   A        B        C        D        E       F      G
               +--------+--------+--------+--------+--------+-----+--------+
         Total |  20056 |  19299 |    757 |   5115 |  10985 |  15 | 1337.1 |
       Dungeon |  16458 |  15701 |    757 |   4309 |   8849 |  11 | 1496.2 |
          Lair |   3236 |   3236 |      0 |    806 |   1916 |   3 | 1078.7 |
         Sewer |    361 |    361 |      0 |      0 |    220 |   1 |  361.0 |
               +--------+--------+--------+--------+--------+-----+--------+

Top non-repeatable levels by time:
     D:6: 2871 daAuts
     D:4: 2196 daAuts
    D:11: 1989 daAuts
  Lair:1: 1582 daAuts
     D:9: 1444 daAuts
  Lair:2: 1368 daAuts
     D:3: 1314 daAuts
     D:8: 1295 daAuts
    D:10: 1294 daAuts
     D:5: 1248 daAuts
     D:1: 1060 daAuts
     D:7: 976 daAuts
     D:2: 766 daAuts
   Sewer: 361 daAuts
  Lair:3: 285 daAuts
